 Dungeon Crawl Stone Soup version 0.29.1-14-g9c671dbff4 (webtiles) character file.

Game seed: 1195131489334076279

1236 cdecastro the Cleaver (level 8, -2/77 HPs)
             Began as a Hill Orc Fighter on Feb 13, 2023.
             Was a Follower of Makhleb.
             Succumbed to a gnoll sergeant's poison
             ... on level 5 of the Dungeon.
             The game lasted 00:10:43 (6886 turns).

cdecastro the Cleaver (Hill Orc Fighter)            Turns: 6886, Time: 00:10:43

Health: -2/77      AC: 13    Str: 27    XL:     8   Next: 49%
Magic:  8/8        EV:  7    Int:  8    God:    Makhleb [*.....]
Gold:   235        SH:  0    Dex: 10    Spells: 7/7 levels left

rFire   . . .      SeeInvis .   b - +2 whip (flame)
rCold   . . .      Faith    .   (no shield)
rNeg    . . .      Spirit   .   j - +0 plate armour
rPois   .          Reflect  .   (no helmet)
rElec   .          Harm     .   D - +1 cloak {Stlth+}
rCorr   .          Rampage  .   (no gloves)
Will    .....                   (no boots)
Stlth   ..........              (no amulet)
HPRegen 0.22/turn               C - +6 ring of strength
MPRegen 0.11/turn               E - ring of flight

@: lethally poisoned (-2 -> -24), flying
A: no striking features
a: Renounce Religion


You were on level 5 of the Dungeon.
You worshipped Makhleb.
Makhleb was aware of your devotion.
You visited 2 branches of the dungeon, and saw 7 of its levels.

You collected 392 gold pieces.
You spent 157 gold pieces at shops.

Inventory:

Hand Weapons
 a - a +0 war axe
 b - a +2 whip of flaming (weapon)
Missiles
 g - 19 poisoned darts (quivered)
 t - 8 boomerangs
Armour
 c - a +0 buckler
 h - a +0 scale mail
 j - a +0 plate armour (worn)
 k - a +0 chain mail
 D - a +1 cloak of stealth (worn)
 L - a +0 pair of boots
Jewellery
 C - a +6 ring of strength (left hand)
 E - a ring of flight (right hand)
 K - a ring of magical power
Wands
 H - a wand of iceblast (16)
 I - a wand of paralysis (10)
 J - a wand of acid (11)
Scrolls
 e - 4 scrolls of teleportation {unknown}
 l - a scroll of fear {unknown}
 m - 2 scrolls of brand weapon {unknown}
 o - a scroll of blinking {unknown}
 p - a scroll of silence {unknown}
 v - a scroll of poison {unknown}
 w - 2 scrolls of enchant weapon {unknown}
 y - 4 scrolls of identify {unknown}
 B - 2 scrolls of magic mapping {unknown}
Potions
 d - a potion of might
 f - 2 potions of degeneration {unknown}
 i - a potion of resistance {unknown}
 n - 2 potions of berserk rage {unknown}
 q - 2 potions of brilliance {unknown}
 r - 2 potions of curing
 s - a potion of magic {unknown}
 u - 4 potions of mutation {unknown}
 x - 2 potions of heal wounds {unknown}
 z - a potion of flight {unknown}
 A - 2 potions of attraction {unknown}
 F - a potion of ambrosia {unknown}
 G - a potion of invisibility


   Skills:
 + Level 8.8 Fighting
 - Level 10.0 Axes
 - Level 3.2 Armour
 - Level 3.2 Shields


You had 7 spell levels left.
You didn't know any spells.
Your spell library contained the following spells:

 Spells                   Type           Power      Damage    Failure   Level
 Sandblast                Erth           0%         2d4       99%         1
 Passwall                 Tmut/Erth      0%         N/A       100%        2
 Dazzling Flash           Conj/Hex       0%         N/A       100%        3
 Stone Arrow              Conj/Erth      0%         3d7       100%        3
 Animate Armour           Summ/Erth      0%         N/A       100%        4
 Iskenderun's Mystic Bla  Conj/Tloc      0%         2d3       100%        4
 Starburst                Conj/Fire      0%         6d3       100%        6
 Lehudib's Crystal Spear  Conj/Erth      0%         10d2      100%        8


Dungeon Overview and Level Annotations

Branches:
Dungeon (6/15)             Temple (1/1) D:5

Altars:
Ashenzari
Cheibriados
Dithmenos
Elyvilon
Fedhas
Makhleb
Nemelex Xobeh
Qazlal
Ru
Sif Muna
Trog
Xom
Zin
The Shining One

Shops:
D:2 [   D:4 [


Message History

You whack the gnoll! You burn the gnoll.
You kill the gnoll!
Makhleb accepts your kill. The gnoll hits you but does no damage.
The gnoll barely misses you.
The gnoll sergeant hits you from afar with a +4 spear of venom!
You are poisoned.
Items here: ( )) †.
You barely miss the gnoll.
You feel very sick. The gnoll barely misses you.
The gnoll sergeant hits you from afar with a +4 spear of venom!
You are more poisoned.
You hit the gnoll. You burn the gnoll.
The gnoll is moderately wounded.
You feel very sick. The gnoll hits you but does no damage.
The gnoll sergeant hits you from afar with a +4 spear of venom!
* * * LOW HITPOINT WARNING * * *
You hit the gnoll. You burn the gnoll.
You kill the gnoll!
Makhleb accepts your kill.
* * * LOW HITPOINT WARNING * * *
You feel very sick.
The gnoll sergeant hits you from afar with a +4 spear of venom!
* * * LOW HITPOINT WARNING * * *
You are more poisoned.
It was a potion of curing.
You feel better.
The gnoll sergeant hits you from afar with a +4 spear of venom.
* * * LOW HITPOINT WARNING * * *
You are poisoned.
You feel sick.
There is a stone staircase leading up, spattered with blood here.
You see here a +0 whip.
You feel sick.
The gnoll sergeant hits you from afar with a +4 spear of venom!
* * * LOW HITPOINT WARNING * * *
You are more poisoned.
You fly upwards.
You die...

### ############
####.#########
##..........#####
#............#
#..>..........#..
###..........#
#............###.
#...........#
##...........##
## ##.##.......##
#.).........## #
#..#####....#
#@........###
#..# ######
##.......## ..##
##......## ..#
#......## ..#
#### #.#...##
.#####..# #<#####
# .##.....# #)# #
.......## #.# #
.......# ###[# #


There were no monsters in sight!

Vanquished Creatures
  Eustachio (D:6)
  Menkaure (D:5)
  An ogre (D:5)
  A centaur (D:5)
  A phantom (D:4)
  A kobold brigand (D:5)
  A scorpion (D:4)
  2 jellies
  2 orc priests
  4 hounds
  Jessica (D:3)
  An iguana (D:5)
  An orc wizard (D:6)
  11 gnolls
  5 adders
  A white imp (Temple)
  An ufetubus (D:5)
  A worm (D:2)
  3 dart slugs
  18 orcs
  5 endoplasms
  4 giant cockroaches
  8 hobgoblins
  8 jackals
  17 kobolds
  4 quokkas
  6 ball pythons
  6 bats
  3 frilled lizards
  8 goblins
  9 rats
136 creatures vanquished.

Vanquished Creatures (others)
  3 fungi (D:5)
3 creatures vanquished.

Grand Total: 139 creatures vanquished

Notes
Turn   | Place    | Note
-------+----------+-------------------------------------------
     0 | D:1      | cdecastro the Hill Orc Fighter began the quest for the Orb.
     0 | D:1      | Reached XP level 1. HP: 19/19 MP: 1/1
    66 | D:1      | Reached skill level 3 in Axes
   130 | D:1      | Reached XP level 2. HP: 21/26 MP: 2/2
   207 | D:1      | Reached skill level 4 in Axes
   358 | D:1      | Reached XP level 3. HP: 30/31 MP: 3/3
   449 | D:1      | Found a faded altar of an unknown god.
   973 | D:1      | Reached skill level 5 in Axes
  1494 | D:2      | Reached XP level 4. HP: 39/39 MP: 4/4
  1612 | D:2      | Reached skill level 6 in Axes
  1746 | D:2      | Found Lepak's Armour Shop.
  1994 | D:3      | Noticed Jessica
  1997 | D:3      | Killed Jessica
  1998 | D:3      | Reached XP level 5. HP: 42/45 MP: 5/5
  2058 | D:3      | Found a burning altar of Makhleb.
  2362 | D:3      | Reached skill level 7 in Axes
  2549 | D:3      | Found a broken altar of Ashenzari.
  2549 | D:3      | Found a stormy altar of Qazlal.
  3022 | D:3      | Became a worshipper of Makhleb the Destroyer
  3068 | D:4      | You fall into a shaft and drop 2 floors!
  3197 | D:6      | Noticed Eustachio
  3206 | D:6      | Reached skill level 8 in Axes
  3206 | D:6      | Reached XP level 6. HP: 34/51 MP: 6/6
  3232 | D:6      | Killed Eustachio
  3233 | D:6      | Reached skill level 9 in Axes
  3367 | D:5      | Entered Level 5 of the Dungeon
  3454 | D:4      | Reached XP level 7. HP: 57/57 MP: 7/7
  3988 | D:4      | Found a glowing golden altar of the Shining One.
  4064 | D:4      | Reached skill level 10 in Axes
  4210 | D:4      | Found Lauzay's Antique Armour Boutique.
  4231 | D:4      | Bought a glowing cloak for 157 gold pieces
  4456 | D:4      | Reached * piety under Makhleb
  4589 | D:4      | Reached skill level 5 in Fighting
  4893 | D:5      | Found a staircase to the Ecumenical Temple.
  4920 | Temple   | Entered the Ecumenical Temple
  5327 | D:5      | Reached XP level 8. HP: 41/71 MP: 8/8
  5564 | D:5      | Noticed Menkaure
  5577 | D:5      | Killed Menkaure
  6660 | D:6      | Paralysed by a kobold for 3 turns
  6886 | D:5      | Succumbed to a gnoll sergeant's poison

Illustrated notes

Levels and vault maps discovered:
D:1:      dpeg_arrival_chambers_temple_mockup, layout_loops_ring,
          chequers_ecumenical_altar_island, reono_crystal_passage
D:2:      layout_basic, serial_shops, nicolae_shop_statue_plus
D:3:      layout_loops_corners, mainiacjoe_overflow_alcove_2,
          mainiacjoe_overflow_divided_tiny, uniq_jessica
D:4:      layout_gridville, overflow_temple_1_default, serial_shops,
          nicolae_square_shop
D:5:      nicolae_cairo_tiling_large_dashed, layout_cave_pods,
          minmay_temple_entry_statues_pillars, dreamdust_gnoll_farm,
          uniq_menkaure
D:6:      layout_rooms, uniq_eustachio
Temple:   nicolae_temple_two_arcs

Skill      XL: |  1  2  3  4  5  6  7  8 |
---------------+-------------------------+-----
Axes           | 3 4 5 6 8 9 10 | 10.0
Fighting       | 6 8 |  8.8
Armour         | |  3.2
Shields        | |  3.2

Action                   |  1- 3 |  4- 6 |  7- 9 || total
-------------------------+-------+-------+-------++-------
Melee: War axe           |    16 |       |    18 ||    34
       Whip              |    84 |   124 |   166 ||   374
       Punch             |       |     2 |     1 ||     3
  Use: Potion            |       |     1 |     1 ||     2
Armor: Scale mail        |    26 |       |       ||    26
       Plate armour      |    16 |    74 |    89 ||   179
Dodge: Dodged            |    44 |    31 |    62 ||   137
